Map: New Repugnancy LE

Players

MaliCiouS - Winner!

  • Race: Zerg Zerg
  • League: Platinum
  • Spawn Location: 1:00

Massy

  • Race: Terran Terran
  • Spawn Location: 7:00

VOD

Have the link to the VOD?

Description

Time

  • Played on: June 18, 2019, 1:16 a.m.
  • Length: 15:47
Show
View Real Time Build Order
Export as new Build Order

MaliCiouS Zerg - Winner!

Build Orders: Hatch First 

Get SALT Encoding   

  12  0:01  Drone  
  13  0:10  Drone  
  14  0:23  Overlord  
  15  0:42  Drone  
  15  0:43  Drone x2  
  17  0:57  Drone  
  17  1:01  Extractor  
  17  1:02  Hatchery  
  16  1:04  Drone  
  17  1:19  Spawning Pool  
  17  1:25  Drone  
  17  1:28  Drone  
  18  1:36  Drone  
  19  1:53  Overlord  
  19  2:08  Metabolic Boost  
  19  2:10  Zergling x4  
  21  2:17  Drone  
  21  2:19  Queen x2  
  26  2:29  Extractor  
  25  2:38  Drone x2  
  25  2:39  Drone x2  
  29  2:56  Drone x3  
  32  3:01  Drone  
  33  3:11  Queen  
  35  3:13  Drone  
  35  3:16  Overlord x2  
  34  3:37  Drone x4  
  38  3:46  Roach Warren  
  37  3:48  Zergling x4  
  37  3:54  Zergling x2  
  40  3:55  Baneling Nest  
  40  4:00  Drone  
  40  4:01  Drone  
  41  4:15  Hatchery  
  40  4:19  Zergling x6, Drone x2  
  40  4:23  Overlord  
  40  4:24  Overlord  
  45  4:26  Drone  
  46  4:38  Drone x4  
  48  4:40  Lair  
  48  4:41  Drone  
  50  5:06  Drone  
  50  5:07  Drone x4  
  55  5:25  Spore Crawler  
  53  5:31  Drone x3  
  53  5:32  Drone x4  
  59  5:35  Extractor  
  59  5:36  Drone x3  
  59  5:37  Extractor  
  59  5:41  Drone x3  
  57  5:49  Drone x2  
  57  5:54  Drone  
  58  5:59  Extractor, Drone  
  58  6:00  Extractor, Drone  
  58  6:06  Roach x4  
  58  6:10  Overlord  
  66  6:23  Overlord x2  
  66  6:29  Drone x5  
  66  6:30  Drone  
  66  6:31  Hydralisk Den  
  71  6:40  Spore Crawler  
  71  6:41  Drone x3  
  73  6:55  Hatchery  
  73  6:56  Roach  
  73  6:57  Roach x5  
  73  6:58  Overseer  
  84  7:09  Muscular Augments  
  84  7:10  Glial Reconstitution  
  84  7:11  Overlord x2  
  84  7:12  Overlord x2  
  84  7:16  Pneumatized Carapace  
  84  7:31  Zergling x8  
  84  7:32  Zergling x6  
  84  7:34  Roach x4  
  99  7:42  Evolution Chamber  
  98  7:45  Evolution Chamber  
  98  7:49  Evolution Chamber  
  96  7:55  Queen x2  
  100  8:01  Centrifical Hooks  
  100  8:06  Baneling x3  
  100  8:07  Baneling x7  
  100  8:08  Baneling x8  
  100  8:09  Baneling x3  
  100  8:10  Hydralisk x4  
  103  8:31  Drone x3  
  103  8:32  Drone x4  
  110  8:50  Drone  
  110  8:51  Hydralisk x3, Drone x2  
  110  8:53  Overlord x3  
  119  9:18  Zergling x12  
  119  9:20  Hydralisk x5  
  119  9:21  Hydralisk  
  137  9:26  Zerg Missile Weapons Level 1  
  137  9:27  Zerg Melee Weapons Level 1, Zerg Ground Armor Level 1  
  120  9:43  Hydralisk x6  
  130  9:46  Zergling x2  
  130  9:47  Zergling x4  
  133  9:56  Zergling x6  
  133  9:57  Zergling x6  
  133  9:59  Drone x5  
  144  10:04  Extractor x2, Overlord x4  
  142  10:07  Drone x2  
  144  10:20  Overlord x2  
  144  10:21  Overlord x2  
  144  10:26  Overseer x3  
  128  11:11  Drone x4  
  131  11:21  Zergling x16  
  131  11:22  Zergling x24  
  141  11:38  Drone x2  
  143  11:43  Infestation Pit  
  142  11:55  Baneling x8  
  142  11:56  Baneling x30  
  142  11:57  Baneling x3  
  142  11:59  Drone x4  
  146  12:09  Hatchery  
  145  12:16  Zerg Ground Armor Level 2, Zerg Missile Weapons Level 2, Zerg Melee Weapons Level 2  
  145  12:18  Overlord x2  
  145  12:31  Extractor  
  145  12:33  Extractor  
  143  12:37  Spore Crawler  
  143  12:38  Spore Crawler  
  141  12:57  Hive  
  96  13:09  Hydralisk x8  
  96  13:11  Zergling x14  
  111  13:20  Drone x2  
  111  13:21  Drone x3  
  116  13:30  Zergling x2  
  116  13:31  Zergling x6  
  118  13:37  Zergling x2  
  118  13:38  Zergling x28  
  118  13:40  Baneling  
  118  13:41  Baneling x11  
  126  13:50  Spire  
  113  13:59  Zergling x4  
  113  14:00  Zergling x6  
  113  14:01  Baneling  
  113  14:02  Baneling x21  
  114  14:03  Roach x3, Hydralisk x3  
  114  14:04  Hydralisk  
  106  14:25  Hydralisk x2  
  106  14:26  Hydralisk x6  
  119  14:31  Drone x4  
  114  14:48  Zergling x20  
  108  15:04  Corruptor x4  
  116  15:15  Zergling x8  
  116  15:18  Baneling x5  
  116  15:19  Baneling x3  
  116  15:20  Hatchery  
Show
View Real Time Build Order
Export as new Build Order

Massy Terran 

Build Orders: Reaper Expand 

Get SALT Encoding   

  12  0:01  SCV  
  13  0:13  SCV  
  14  0:20  Supply Depot  
  14  0:25  SCV  
  15  0:42  SCV  
  16  0:43  Barracks  
  16  0:48  Refinery  
  16  0:59  SCV  
  17  1:11  SCV  
  18  1:23  SCV  
  19  1:32  Reaper  
  20  1:35  Orbital Command  
  20  1:43  Command Center  
  20  1:54  Refinery  
  21  2:01  SCV  
  21  2:04  Supply Depot, Barracks Reactor  
  21  2:13  SCV  
  22  2:25  SCV  
  23  2:37  SCV  
  23  2:41  Factory  
  24  2:46  Barracks  
  24  2:49  SCV  
  25  3:03  Supply Depot  
  25  3:04  Orbital Command  
  25  3:06  Marine  
  25  3:07  Marine  
  25  3:10  SCV  
  28  3:32  Starport  
  28  3:34  Barracks Tech Lab  
  28  3:37  Hellion x2  
  28  3:39  SCV x2  
  28  3:40  Supply Depot  
  34  3:49  Barracks Reactor  
  34  3:54  SCV  
  34  3:55  SCV  
  36  3:58  Hellion x2  
  36  3:59  Engineering Bay  
  40  4:03  Liberator  
  40  4:04  Engineering Bay  
  40  4:07  Stimpack  
  40  4:08  SCV  
  41  4:12  SCV  
  41  4:16  Marine  
  43  4:20  SCV  
  47  4:33  SCV x2  
  47  4:35  Refinery  
  47  4:38  Hellion x2  
  51  4:40  Marine x2  
  53  4:49  Supply Depot  
  53  4:52  Supply Depot  
  53  5:06  Terran Infantry Armor Level 1, Terran Infantry Weapons Level 1  
  49  5:51  Supply Depot  
  49  5:53  Supply Depot  
  49  5:54  Refinery, SCV x2  
  51  6:09  Combat Shield  
  51  6:10  Marine x2  
  51  6:11  Marine  
  54  6:12  Factory Tech Lab  
  54  6:17  Barracks  
  54  6:20  Armory  
  54  6:21  SCV x2  
  54  6:22  Medivac x2  
  60  6:30  Siege Tank, Command Center  
  63  6:33  SCV x2  
  63  6:39  Supply Depot  
  65  6:40  Supply Depot  
  65  6:41  Liberator  
  65  6:42  Marine x2  
  65  6:45  SCV x2  
  69  6:56  Medivac  
  69  6:57  SCV x2  
  76  7:02  Siege Tank  
  76  7:03  Marine x2  
  76  7:04  Marine  
  76  7:07  Terran Infantry Weapons Level 2  
  82  7:09  SCV x2  
  82  7:13  Terran Infantry Armor Level 2  
  84  7:39  Medivac  
  84  7:40  SCV  
  84  7:41  SCV  
  88  7:52  Marauder, Marine x3  
  93  8:09  Marine  
  93  8:10  Marine  
  96  8:13  Marine  
  96  8:15  Barracks x2  
  96  8:18  Barracks  
  96  8:20  Barracks Reactor  
  86  8:27  Marine x2  
  86  8:31  Marine  
  89  8:45  Marine x2  
  89  8:46  Medivac x2  
  89  8:47  Siege Tank  
  98  8:49  Marauder  
  100  8:55  Terran Vehicle Weapons Level 1  
  100  9:01  Supply Depot  
  100  9:03  Supply Depot, Marine x2  
  100  9:04  Orbital Command  
  100  9:06  SCV x2  
  104  9:10  Marine  
  105  9:18  SCV x2  
  105  9:19  Siege Tank  
  105  9:21  Marine x2  
  112  9:28  Marine  
  112  9:30  SCV x2  
  94  9:38  Marine  
  94  9:39  Marine  
  94  9:42  SCV  
  91  9:49  Barracks Reactor  
  91  9:50  Barracks Reactor x2  
  91  9:51  Siege Tank  
  94  10:00  Factory  
  94  10:05  SCV  
  94  10:06  Marine x5  
  100  10:09  Terran Infantry Armor Level 3, Terran Infantry Weapons Level 3  
  100  10:12  Refinery  
  100  10:17  Refinery, SCV  
  101  10:23  Marine  
  101  10:24  Marine x4  
  101  10:25  Marine x2  
  108  10:34  Marine  
  109  10:41  Marine x2  
  109  10:42  Marauder, Marine x2  
  102  11:04  Marauder  
  102  11:16  Factory Tech Lab  
  89  11:40  Marauder, Marine x3  
  89  11:41  Marine x7  
  89  11:43  Medivac  
  89  11:44  Medivac  
  105  11:58  Marine x5  
  105  11:59  Marine x4  
  114  12:02  Marauder  
  114  12:04  Marine  
  117  12:15  Marine  
  117  12:16  Marine x3  
  117  12:17  Command Center  
  117  12:20  Marine x3  
  117  12:21  Marine x2  
  126  12:41  Command Center, Marauder, Marine  
  126  13:00  Marine  
  126  13:03  Marauder  
  94  13:14  Marine x2  
  94  13:15  Marine x4  
  94  13:16  Siege Tank x2  
  106  13:24  Marauder  
  108  13:31  Marine x3  
  108  13:32  Marine x3  
  112  13:41  Concussive Shells  
  112  13:44  Marine  
  112  13:45  Marine x3  
  112  13:46  Marauder  
  116  13:48  Siege Tank x2  
  116  13:49  Marine  
  119  14:02  Marine x3  
  119  14:03  Marine x6  
  119  14:07  Marauder  
  109  14:20  Siege Tank  
  109  14:21  Siege Tank  
  94  14:28  Marauder  
  76  14:50  Marauder  
  60  15:01  Orbital Command  
  60  15:03  Planetary Fortress  
  60  15:11  Marauder  
  62  15:17  Medivac x2  
Tags
 
Add a new tag
Caveats
  • Supply blocks, unpowered buildings, or Contaminate may cause inaccurate times.
  • Supply counts are checked every 10 seconds.